TOP OF THE 1ST |
Chattanooga Chinpokomon batting - Pitching for Louisville Bats : LHP Ron Huggins
|
Pitching: LHP Ron Huggins
|
|
Batting: RHB Carlos López
|
0-0: Ball 1-0: Ball 2-0: Foul Ball, location: 2F 2-1: Called Strike 2-2: Strikes out swinging
|
Batting: RHB Luis Antonio Velásquez
|
0-0: Ball 1-0: Swinging Strike 1-1: Ball 2-1: Ball 3-1: Foul Ball, location: 2F 3-2: Strikes out swinging
|
Batting: RHB Tom Hicks
|
0-0: Ball 1-0: Ball 2-0: Called Strike 2-1: Foul Ball, location: 2F 2-2: Strikes out swinging
|
Top of the 1st over - 0 runs, 0 hits, 0 errors, 0 left on base; Chattanooga 0 - Louisville 0 |
BOTTOM OF THE 1ST |
Louisville Bats batting - Pitching for Chattanooga Chinpokomon : LHP Glenn Fox
|
Pitching: LHP Glenn Fox
|
|
Batting: SHB Dave Henley
|
0-0: Swinging Strike 0-1: Ball 1-1: Ground out 5-3 (Groundball, 56S)
|
Batting: RHB Juan Costello
|
0-0: Foul Ball, location: 2F 0-1: Foul Ball, location: 2F 0-2: Ball 1-2: Ball 2-2: Fly out, F9 (Flyball, 9D)
|
Batting: RHB Juan García
|
0-0: Called Strike 0-1: Foul Ball, location: 2F 0-2: SINGLE (Groundball, 56D)
|
Batting: RHB Zhong Shui
|
0-0: Foul Ball, location: 2F 0-1: Ball 1-1: Ball 2-1: DOUBLE (Line Drive, 7LD) Juan García to third
|
Batting: RHB Roberto Zamora
|
0-0: Fly out, F9 (Flyball, 89D)
|
Bottom of the 1st over - 0 runs, 2 hits, 0 errors, 2 left on base; Chattanooga 0 - Louisville 0 |
TOP OF THE 2ND |
Chattanooga Chinpokomon batting - Pitching for Louisville Bats : LHP Ron Huggins
|
Batting: RHB Jesús Tisnado
|
0-0: Ball 1-0: Ball 2-0: Called Strike 2-1: Called Strike 2-2: Strikes out looking
|
Batting: LHB José Costa
|
0-0: Called Strike 0-1: Foul Ball, location: 2F 0-2: Ball 1-2: Strikes out swinging
|
Batting: RHB Patrick Potts
|
0-0: Ball 1-0: Ground out U3 (Groundball, 34S)
|
Top of the 2nd over - 0 runs, 0 hits, 0 errors, 0 left on base; Chattanooga 0 - Louisville 0 |
BOTTOM OF THE 2ND |
Louisville Bats batting - Pitching for Chattanooga Chinpokomon : LHP Glenn Fox
|
Batting: RHB Luis Peña
|
0-0: Ball 1-0: Called Strike 1-1: Ball 2-1: Ball 3-1: Base on Balls
|
Batting: LHB George Smith
|
0-0: Ball 1-0: Ball 2-0: Foul Ball, location: 2F 2-1: Fly out, F8 (Flyball, 8LXD) Runner from 1st tags up, SAFE at 2nd
|
Batting: LHB Héctor Rentería
|
0-0: Ball 1-0: SINGLE (Line Drive, 4MD) Luis Peña to third Runner from 3rd tries for Home, SAFE, no throw
|
Batting: LHB Richard Olvera
|
0-0: Foul Ball, location: 2F 0-1: Ball 1-1: Ball 2-1: DOUBLE (Flyball, 8RXD) Héctor Rentería to third Runner from 3rd tries for Home, SAFE, no throw
|
Batting: SHB Dave Henley
|
0-0: Ball 1-0: Ball 2-0: TRIPLE (Line Drive, 89XD) Richard Olvera scores
|
Batting: RHB Juan Costello
|
0-0: Called Strike 0-1: Foul Ball, location: 2F 0-2: Ball 1-2: Reached on error, E5 (Groundball, 56) Dave Henley scores
|
Batting: RHB Juan García
|
0-0: Ball 1-0: Ball 2-0: Foul Ball, location: 2F 2-1: Ground out U3 (Groundball, 34S) Juan Costello to second
|
Batting: RHB Zhong Shui
|
0-0: Ground out 5-3 (Groundball, 56)
|
Bottom of the 2nd over - 4 runs, 3 hits, 1 error, 1 left on base; Chattanooga 0 - Louisville 4 |
TOP OF THE 3RD |
Chattanooga Chinpokomon batting - Pitching for Louisville Bats : LHP Ron Huggins
|
Batting: RHB Ricardo Salazar
|
0-0: Called Strike 0-1: Foul Ball, location: 2F 0-2: Strikes out swinging
|
Batting: RHB John Robertson
|
0-0: Fly out, F8 (Flyball, 78M)
|
Batting: LHB Elvin Summers
|
0-0: Foul Ball, location: 2F 0-1: Called Strike 0-2: Foul Ball, location: 2F 0-2: Reached on error, E6 (Groundball, 6D)
|
Batting: RHB Carlos López
|
0-0: Called Strike 0-1: Called Strike 0-2: Strikes out swinging
|
Top of the 3rd over - 0 runs, 0 hits, 1 error, 1 left on base; Chattanooga 0 - Louisville 4 |
BOTTOM OF THE 3RD |
Louisville Bats batting - Pitching for Chattanooga Chinpokomon : LHP Glenn Fox
|
Batting: RHB Roberto Zamora
|
0-0: Called Strike 0-1: Swinging Strike 0-2: Ball 1-2: Ball 2-2: Strikes out swinging
|
Batting: RHB Luis Peña
|
0-0: Swinging Strike 0-1: Ball 1-1: Fly out, F7 (Flyball, 7S)
|
Batting: LHB George Smith
|
0-0: Called Strike 0-1: Ball 1-1: Called Strike 1-2: Foul Ball, location: 2F 1-2: Ball 2-2: SINGLE (Flyball, 9S)
|
Batting: LHB Héctor Rentería
|
0-0: Called Strike 0-1: Ball 1-1: Foul Ball, location: 2F 1-2: Ball 2-2: Foul Ball, location: 2F 2-2: Ball 3-2: Fly out, F8 (Flyball, 8RD)
|
Bottom of the 3rd over - 0 runs, 1 hit, 0 errors, 1 left on base; Chattanooga 0 - Louisville 4 |
TOP OF THE 4TH |
Chattanooga Chinpokomon batting - Pitching for Louisville Bats : LHP Ron Huggins
|
Batting: RHB Luis Antonio Velásquez
|
0-0: Ball 1-0: Ball 2-0: Called Strike 2-1: Called Strike 2-2: Foul Ball, location: 2F 2-2: Ball 3-2: DOUBLE (Line Drive, 9D)
|
Batting: RHB Tom Hicks
|
0-0: Ball 1-0: Ball 2-0: Ball 3-0: Called Strike 3-1: Base on Balls
|
Batting: RHB Jesús Tisnado
|
0-0: Ball 1-0: Called Strike 1-1: Ball 2-1: Foul Ball, location: 2F 2-2: Foul Ball, location: 2F 2-2: Ball 3-2: Grounds into double play, 6-4-3 (Groundball, 6) Luis Antonio Velásquez to third
|
Batting: LHB José Costa
|
0-0: 2-RUN HOME RUN (Flyball, 9D), Distance : 364 ft
|
Batting: RHB Patrick Potts
|
0-0: Ball 1-0: Ball 2-0: Ball 3-0: Base on Balls
|
Batting: RHB Ricardo Salazar
|
0-0: Called Strike 0-1: Called Strike 0-2: Ball Patrick Potts steals 2nd base 1-2: Ball 2-2: Ground out U3 (Groundball, 34D)
|
Top of the 4th over - 2 runs, 2 hits, 0 errors, 1 left on base; Chattanooga 2 - Louisville 4 |
BOTTOM OF THE 4TH |
Louisville Bats batting - Pitching for Chattanooga Chinpokomon : LHP Glenn Fox
|
Batting: LHB Richard Olvera
|
0-0: Ball 1-0: Swinging Strike 1-1: Fly out, F8 (Flyball, 8LD)
|
Batting: SHB Dave Henley
|
0-0: Called Strike 0-1: SINGLE (Groundball, 34D)
|
Batting: RHB Juan Costello
|
0-0: Called Strike 0-1: Called Strike 0-2: Ball 1-2: Ball 2-2: Strikes out swinging
|
Batting: RHB Juan García
|
0-0: Ball 1-0: Called Strike 1-1: Ball 2-1: Called Strike 2-2: Foul Ball, location: 2F 2-2: Fly out, F9 (Flyball, 9S)
|
Bottom of the 4th over - 0 runs, 1 hit, 0 errors, 1 left on base; Chattanooga 2 - Louisville 4 |
TOP OF THE 5TH |
Chattanooga Chinpokomon batting - Pitching for Louisville Bats : LHP Ron Huggins
|
Batting: RHB John Robertson
|
0-0: Ball 1-0: Ball 2-0: Foul Ball, location: 2F 2-1: Fly out, F1 (Line Drive, 13S)
|
Batting: LHB Elvin Summers
|
0-0: Ball 1-0: Ground out 5-3 (Groundball, 56)
|
Batting: RHB Carlos López
|
0-0: Called Strike 0-1: Ball 1-1: Called Strike 1-2: Strikes out swinging
|
Top of the 5th over - 0 runs, 0 hits, 0 errors, 0 left on base; Chattanooga 2 - Louisville 4 |
BOTTOM OF THE 5TH |
Louisville Bats batting - Pitching for Chattanooga Chinpokomon : LHP Glenn Fox
|
Batting: RHB Zhong Shui
|
0-0: SINGLE (Line Drive, 8RS)
|
Pitching: RHP Claudio Ramírez
|
|
Batting: RHB Roberto Zamora
|
0-0: Swinging Strike 0-1: Ball 1-1: Ball 2-1: Ball 3-1: Base on Balls Zhong Shui to second
|
Batting: RHB Luis Peña
|
0-0: Foul Ball, location: 2F 0-1: Ball 1-1: Called Strike 1-2: Strikes out looking
|
Batting: LHB George Smith
|
0-0: Ball 1-0: Ball 2-0: Called Strike 2-1: SINGLE (Line Drive, 8RS) Zhong Shui to third Roberto Zamora to second Runner from 3rd tries for Home, SAFE, no throw
|
Batting: LHB Héctor Rentería
|
0-0: Fly out, F7 (Flyball, 78M)
|
Batting: LHB Richard Olvera
|
0-0: Called Strike 0-1: Swinging Strike Passed Ball! Roberto Zamora to third George Smith to second 0-2: Ball 1-2: Ground out 6-3 (Groundball, 6)
|
Bottom of the 5th over - 1 run, 2 hits, 0 errors, 2 left on base; Chattanooga 2 - Louisville 5 |
TOP OF THE 6TH |
Chattanooga Chinpokomon batting - Pitching for Louisville Bats : LHP Ron Huggins
|
Batting: RHB Luis Antonio Velásquez
|
0-0: Fly out, F8 (Flyball, 89M)
|
Batting: RHB Tom Hicks
|
0-0: Ball 1-0: Called Strike 1-1: Called Strike 1-2: Foul Ball, location: 2F 1-2: Foul Ball, location: 2F 1-2: SOLO HOME RUN (Flyball, 7D), Distance : 370 ft
|
Batting: RHB Jesús Tisnado
|
0-0: Called Strike 0-1: Foul Ball, location: 2F 0-2: Ball 1-2: Ball 2-2: SOLO HOME RUN (Flyball, 7LD), Distance : 376 ft
|
Batting: LHB José Costa
|
0-0: Ball 1-0: Foul Ball, location: 2F 1-1: Ball 2-1: Fly out, F9 (Flyball, 9LSF)
|
Batting: RHB Patrick Potts
|
0-0: Called Strike 0-1: Called Strike 0-2: Ball 1-2: Strikes out swinging
|
Top of the 6th over - 2 runs, 2 hits, 0 errors, 0 left on base; Chattanooga 4 - Louisville 5 |
BOTTOM OF THE 6TH |
Louisville Bats batting - Pitching for Chattanooga Chinpokomon : RHP Claudio Ramírez
|
Batting: SHB Dave Henley
|
0-0: Foul Ball, location: 2F 0-1: Ball 1-1: Called Strike 1-2: SINGLE (Groundball, 56S) (infield hit)
|
Batting: RHB Juan Costello
|
0-0: SINGLE (Line Drive, 89S) Dave Henley to second Runner from 2nd tries for 3rd, SAFE, throw made at trailing runner, OUT!
|
Batting: RHB Juan García
|
0-0: Foul Ball, location: 2F 0-1: Fly out, F9 (Flyball, 89S) Runner from 3rd tags up, SCORES, throw made
|
Batting: RHB Zhong Shui
|
0-0: Ball 1-0: Called Strike 1-1: Swinging Strike 1-2: Ball 2-2: Strikes out swinging
|
Bottom of the 6th over - 1 run, 2 hits, 0 errors, 0 left on base; Chattanooga 4 - Louisville 6 |
TOP OF THE 7TH |
Chattanooga Chinpokomon batting - Pitching for Louisville Bats : LHP Ron Huggins
|
Batting: RHB Ricardo Salazar
|
0-0: Called Strike 0-1: Ball 1-1: Swinging Strike 1-2: Ball 2-2: Ball 3-2: Base on Balls
|
Pitching: RHP Juan Contreras
|
|
Batting: RHB John Robertson
|
0-0: Foul Ball, location: 2F 0-1: Called Strike 0-2: Fly out, F7 (Flyball, 7S)
|
Pitching: LHP Denny Welch
|
|
Batting: LHB Elvin Summers
|
0-0: Fielders Choice at 2nd, 4-6 (Groundball, 4)
|
Pitching: LHP Carlos Menéndez
|
|
Batting: RHB Carlos López
|
0-0: Called Strike Elvin Summers steals 2nd base 0-1: Called Strike 0-2: Ball 1-2: Foul Ball, location: 2F 1-2: Foul Ball, location: 2F 1-2: Ground out 4-3 (Groundball, 4M)
|
Top of the 7th over - 0 runs, 0 hits, 0 errors, 1 left on base; Chattanooga 4 - Louisville 6 |
BOTTOM OF THE 7TH |
Louisville Bats batting - Pitching for Chattanooga Chinpokomon : RHP Claudio Ramírez
|
Batting: RHB Roberto Zamora
|
0-0: Called Strike 0-1: Foul Ball, location: 2F 0-2: Ball 1-2: Ball 2-2: Ball 3-2: Base on Balls
|
Batting: RHB Luis Peña
|
0-0: Called Strike 0-1: Ball 1-1: Ball 2-1: TRIPLE (Flyball, 8RXD) Roberto Zamora scores
|
Batting: LHB George Smith
|
0-0: Intentional Walk
|
Pitching: LHP Bob Quested
|
|
Batting: LHB Héctor Rentería
|
0-0: Ball 1-0: Foul Ball, location: 2F 1-1: Called Strike 1-2: Ball 2-2: Foul Ball, location: 2F 2-2: Foul Ball, location: 2F 2-2: Ball 3-2: Ground out 4-3 (Groundball, 4) George Smith to second
|
Batting: LHB Richard Olvera
|
0-0: Ball 1-0: Ball 2-0: Ball 3-0: Base on Balls
|
Batting: SHB Dave Henley
|
0-0: Foul Ball, location: 2F 0-1: Ball 1-1: Called Strike 1-2: Ball 2-2: Foul Ball, location: 2F 2-2: Strikes out swinging
|
Batting: RHB Juan Costello
|
0-0: Ball Wild Pitch! Luis Peña scores George Smith to third Richard Olvera to second 1-0: Ball 2-0: Called Strike 2-1: Ball 3-1: Called Strike 3-2: Base on Balls
|
Batting: RHB Juan García
|
0-0: Ball 1-0: Called Strike 1-1: Ball 2-1: Fly out, F7 (Flyball, 7S)
|
Bottom of the 7th over - 2 runs, 1 hit, 0 errors, 3 left on base; Chattanooga 4 - Louisville 8 |
TOP OF THE 8TH |
Chattanooga Chinpokomon batting - Pitching for Louisville Bats : LHP Carlos Menéndez
|
Batting: RHB Luis Antonio Velásquez
|
0-0: Called Strike 0-1: Foul Ball, location: 2F 0-2: SINGLE (Groundball, 4D)
|
Batting: RHB Tom Hicks
|
0-0: Foul Ball, location: 2F 0-1: Ball 1-1: Hit by Pitch Luis Antonio Velásquez to second
|
Batting: RHB Jesús Tisnado
|
0-0: Called Strike 0-1: Ball 1-1: Ball 2-1: Called Strike 2-2: Strikes out swinging
|
Batting: LHB José Costa
|
0-0: Called Strike 0-1: Ball 1-1: Called Strike 1-2: Ball 2-2: Strikes out swinging
|
Batting: RHB Patrick Potts
|
0-0: Called Strike 0-1: Ball 1-1: Foul Ball, location: 2F 1-2: Ball 2-2: Strikes out looking
|
Top of the 8th over - 0 runs, 1 hit, 0 errors, 2 left on base; Chattanooga 4 - Louisville 8 |
BOTTOM OF THE 8TH |
Louisville Bats batting - Pitching for Chattanooga Chinpokomon : LHP Bob Quested
|
Batting: RHB Zhong Shui
|
0-0: Fly out, F7 (Flyball, 78D)
|
Batting: RHB Roberto Zamora
|
0-0: Called Strike 0-1: Ball 1-1: Called Strike 1-2: Ball 2-2: Ball 3-2: Foul Ball, location: 2F 3-2: Base on Balls
|
Batting: RHB Luis Peña
|
0-0: Foul Ball, location: 2F 0-1: Ball 1-1: Ball 2-1: Ball 3-1: SINGLE (Line Drive, 4D) Roberto Zamora to second
|
Batting: LHB George Smith
|
0-0: Called Strike 0-1: Ball 1-1: Called Strike 1-2: Strikes out looking
|
Batting: LHB Héctor Rentería
|
0-0: Ball 1-0: Swinging Strike 1-1: Ball 2-1: SINGLE (Groundball, 6D) Roberto Zamora to third Luis Peña to second Runner from 3rd tries for Home, SAFE, no throw
|
Batting: LHB Richard Olvera
|
0-0: Ball 1-0: 3-RUN HOME RUN (Flyball, 9LD), Distance : 349 ft
|
Batting: SHB Dave Henley
|
0-0: Ball 1-0: SINGLE (Groundball, 6D)
|
Batting: RHB Juan Costello
|
0-0: Ball 1-0: Called Strike 1-1: Ground out 5-3 (Groundball, 56S)
|
Bottom of the 8th over - 4 runs, 4 hits, 0 errors, 1 left on base; Chattanooga 4 - Louisville 12 |
TOP OF THE 9TH |
Chattanooga Chinpokomon batting - Pitching for Louisville Bats : LHP Carlos Menéndez
|
Now at C: John Horton
|
|
Now at SS: Don Soper
|
|
Batting: RHB Ricardo Salazar
|
0-0: Ball 1-0: Called Strike 1-1: Ball 2-1: Called Strike 2-2: Ball 3-2: Foul Ball, location: 2F 3-2: Strikes out swinging
|
Batting: RHB John Robertson
|
0-0: Ground out 6-3 (Groundball, 6)
|
Batting: LHB Elvin Summers
|
0-0: Ball 1-0: Swinging Strike 1-1: Called Strike 1-2: Strikes out swinging
|
Top of the 9th over - 0 runs, 0 hits, 0 errors, 0 left on base; Chattanooga 4 - Louisville 12 |
|